 Dungeon Crawl Stone Soup version 0.22-a0-224-g8cf3520 (webtiles) character file.

32 Amnesiac the Chopper (level 3, -3/33 HPs)
             Began as a Hill Orc Monk on Feb 19, 2018.
             Slain by a slave (7 damage)
             ... led by Pikel
             ... on level 4 of the Dungeon.
             The game lasted 00:01:54 (1043 turns).

Amnesiac the Chopper (Hill Orc Monk)                Turns: 1043, Time: 00:01:56

Health: -3/33      AC:  2    Str: 14    XL:     3   Next: 27%
Magic:  3/3        EV: 13    Int: 10    God:
Gold:   44         SH:  0    Dex: 13    Spells: 2/2 levels left

rFire    . . .     SeeInvis .   a - +0 hand axe
rCold    . . .     Gourm    .   (no shield)
rNeg     . . .     Faith    .   b - +0 robe
rPois    .         Spirit   .   (no helmet)
rElec    .         Reflect  .   (no cloak)
rCorr    .         Harm     .   (no gloves)
MR       .....                  (no boots)
Stlth    ++........             (no amulet)
HPRegen  0.11/turn              k - +3 ring of slaying
MPRegen  0.08/turn              (no ring)

@: no status effects
A: no striking features
a: no special abilities


You were on level 4 of the Dungeon.
You were hungry.

You visited 1 branch of the dungeon, and saw 4 of its levels.

You collected 44 gold pieces.

Inventory:

Hand Weapons
 a - a +0 hand axe (weapon)
Armour
 b - a +0 robe (worn)
 m - a +0 buckler
Jewellery
 k - a +3 ring of slaying (left hand)
 l - an uncursed ring of magical power {unknown}
Scrolls
 d - 3 scrolls of remove curse {!r, unknown}
 h - a scroll of magic mapping {!r, unknown}
 i - 2 scrolls of identify {!r, unknown}
 j - a scroll of teleportation {!r, unknown}
Potions
 e - a potion of curing {!q, unknown}
 g - a potion of ambrosia {!q, unknown}
Comestibles
 c - 2 rations
 f - a chunk of flesh


   Skills:
 + Level 4.2 Fighting
 * Level 5.2 Axes
 - Level 2.4 Dodging
 - Level 1.5 Stealth


You had 2 spell levels left.
You didn't know any spells.

Dungeon Overview and Level Annotations

Branches:
Dungeon (4/15)
 Temple: D:4-7

Altars:

Annotations:
D:4 Eustachio, Pikel


Message History

k - a sapphire ring Put on which piece of jewellery? (? for menu, Esc to quit)
k - a +3 ring of slaying (left hand)
You now have 44 gold pieces (gained 10).
l - a coral ring All of the chunks of flesh in your inventory have rotted away.
HP restored.
i - 2 scrolls labeled BOOMOO XE RAX {!r} (gained 1)
A worm comes into view.
The worm moves out of view.
The worm is too close now for your liking.
You hit the worm.
The worm is lightly wounded.
The worm bites you.
You slash the worm!
The worm is heavily wounded.
You hit the worm but do no damage.
The worm is heavily wounded.
The worm bites you!
You hit the worm.
The worm is severely wounded.
The worm misses you.
You slash the worm!
You kill the worm!
No target in view!
No target in view!
You see here a worm corpse.
You butcher the worm corpse.
f - a chunk of flesh You start resting.
HP restored.
Found a buckler.
A slave comes into view.
The slave shouts!
Pikel the Slaver comes into view.
He is wielding a whip of freezing.
You see here a buckler.
m - a buckler You hit the slave.
The slave is moderately wounded.
The slave hits you!
You closely miss the slave.
The slave is moderately wounded.
The slave hits you but does no damage.
You hit the slave.
The slave is moderately wounded.
The slave hits you!
You slash the slave!
The slave is heavily wounded.
The slave hits you!
* * * LOW HITPOINT WARNING * * *
You barely miss the slave.
The slave is heavily wounded.
The slave barely misses you.
You are feeling hungry.
You slash the slave!
The slave is almost dead.
The slave misses you.
You hit the slave.
The slave is almost dead.
The slave hits you!
* * * LOW HITPOINT WARNING * * *
Unknown command.
The slave hits you!
You die...

.........#######.......##..##
.......................##..#
#.#....######.........#.#..#
..###### ####.....#..#.###
.## ###..#...#...# .#
###########....##.## #####
##........##....#..# ....##
#.#.....#...#...#..# .....##
#..#...#@#...#..#..# ......#
#...#..p#.....#.#..# ......#
#....##........##.## ......#
#....############.# .....##
#...#..# ##..## ....##
#..#...##### ##....## ...##
#.#.....##.###......# ..##
##..........##.##...# ###
#.....##......###.##


You could see a slave.

Vanquished Creatures
  2 worms
  2 dart slugs
  An orc (D:3)
  2 giant cockroaches (D:2)
  3 goblins
  2 hobgoblins
  3 jackals (D:2)
  2 kobolds
  A frilled lizard (D:2)
  2 rats
20 creatures vanquished.

Notes
Turn   | Place    | Note
-------+----------+-------------------------------------------
     0 | D:1      | Amnesiac the Hill Orc Monk began the quest for the Orb.
     0 | D:1      | Reached XP level 1. HP: 19/19 MP: 1/1
   142 | D:1      | Reached XP level 2. HP: 18/27 MP: 2/2
   384 | D:1      | You fall through a shaft!
   570 | D:2      | Reached skill level 5 in Axes
   576 | D:2      | Reached XP level 3. HP: 26/33 MP: 3/3
   798 | D:4      | Noticed Eustachio
  1011 | D:4      | Noticed a slave
  1012 | D:4      | Noticed Pikel
  1043 | D:4      | Slain by a slave

Vault maps used:
D:1:      minmay_arrival_glassed_features, okawaru_ov_weapons_minmay
D:2:      chequers_ecumenical_altar_grove, grunt_decor_cap, minmay_nonomino_d4
D:3:      minmay_door_path, lemuel_crystal_altar, uniq_grinder
D:4:      first_ration, hangedman_decor_slide_cut, uniq_pikel, uniq_eustachio

Skill      XL: |  1  2 |
---------------+-------+-----
Fighting       | 4 |  4.2
Axes           | 5 |  5.2
Dodging        | |  2.4
Stealth        | |  1.5

Action                   || total
-------------------------++-------
Melee: Hand axe          ||    91
 Stab: Sleeping          ||     3
Armor: Robe              ||    11
Dodge: Dodged            ||    48

Table legend:
 A = Spawn XP
 B = Non-spawn XP
 C = Spawn XP percentage of total XP
 D = Spawn monster count
 E = Non-spawn monster count
 F = Spawn count percentage of total count
 G = Total turns spent on level
                    A         B        C        D         E        F      G
               +---------+---------+-------+---------+---------+-------+---------
         Total |       0 |      47 |   0.0 |       0 |      20 |   0.0 |  1043
               +---------+---------+-------+---------+---------+-------+---------
           D:1 |       0 |      16 |   0.0 |       0 |       6 |   0.0 |   374
           D:2 |       0 |      22 |   0.0 |       0 |      11 |   0.0 |   253
           D:3 |       0 |       4 |   0.0 |       0 |       2 |   0.0 |   167
           D:4 |       0 |       5 |   0.0 |       0 |       1 |   0.0 |   249
               +---------+---------+-------+---------+---------+-------+---------
